[Event "World Junior U20 Girls 2018"]
[Site "Gebze"]
[Date "2018.09.08"]
[Round "5"]
[White "Kanakova, Natalie"]
[Black "Dordzhieva, Dinara"]
[Result "0-1"]
[ECO "B85"]
[WhiteElo "2201"]
[BlackElo "2318"]
[Annotator "ChessBase"]
[PlyCount "126"]
[EventDate "2018.09.05"]
[EventType "swiss"]
[EventCountry "TUR"]
[SourceTitle "playchess.com"]
[Source "ChessBase"]
[SourceQuality "1"]
[TimeControl "40/5400+30:1800+30"]

1. e4 c5 2. Nf3 e6 3. d4 cxd4 4. Nxd4 Nf6 5. Nc3 d6 6. Be2 a6 7. O-O Be7 8. f4 O-O 9. a4 Nc6 10. Be3 Qc7 11. Kh1 Nxd4 12. Qxd4 Bd7 13. e5 Ne8 14. Rad1 Bc6 15. Bf3 Bxf3 16. Rxf3 Rd8 17. Qe4 g6 18. Bd4 d5 19. Qe3 Qc6 20. a5 Ng7 21. Qd2 Rc8 22. Bb6 Nf5 23. Rc1 Bb4 24. Qf2 Bc5 25. Bxc5 Qxc5 26. Ra1 Qxf2 27. Rxf2 Rc5 28. Nd1 Rfc8 29. c3 Ne7 30. b3 Nc6 31. Rfa2 Na7 32. Rc2 Rb5 33. Rb2 Rbc5 34. Rc2 Nb5 35. Rac1 Nd4 36. Rb2 Rxa5 37. b4 Ra3 38. g3 Nb5 39. Rbc2 Rb3 40. Kg2 Na3 41. Rb2 Rxb2+ 42. Nxb2 Nb5 43. Na4 Rc4 44. Nc5 Rxc3 45. Rxc3 Nxc3 46. Kf3 Na2 47. b5 axb5 48. Nxb7 Nc3 49. Ke3 Ne4 50. Kd4 Kf8 51. Na5 Ke8 52. Nc6 Kd7 53. Nb4 h5 54. Nd3 Kc6 55. Nb4+ Kb6 56. Kd3 Nf2+ 57. Kd4 Ng4 58. h4 Nh6 59. Ke3 Nf5+ 60. Kf3 Kc5 61. Na6+ Kc4 62. g4 hxg4+ 63. Kxg4 b4 0-1

[Event "World Junior U20 Girls 2018"]
[Site "Gebze"]
[Date "2018.09.08"]
[Round "5"]
[White "Georgescu, Lena"]
[Black "De Silva, Tenara"]
[Result "1/2-1/2"]
[ECO "B09"]
[WhiteElo "2195"]
[BlackElo "1764"]
[Annotator "NA"]
[PlyCount "75"]
[EventDate "2018.09.05"]
[EventType "swiss"]
[EventCountry "TUR"]
[SourceTitle "playchess.com"]
[Source "ChessBase"]
[SourceQuality "1"]
[TimeControl "40/5400+30:1800+30"]

1. e4 d6 2. d4 g6 3. Nc3 Bg7 4. f4 Nf6 5. Nf3 O-O 6. Bd3 Nc6 7. e5 dxe5 8. dxe5 Nd5 9. O-O {[%emt 0:00:30] B09: Pirc Defence: Austrian Attack} (9. Nxd5 Qxd5 10. Qe2 Bg4 11. Be4 Qa5+ 12. Bd2 Qb6 13. O-O-O Nd4 14. Qd3 Rfd8 15. Qa3 Bxf3 16. Bxf3 Nxf3 17. Qxf3 c6 18. Kb1 Qb5 19. Bc1 Rd5 {1-0 (35) Goryachkina,A (2496)-Rozum,I (2581) Sochi 2018}) 9... Nxc3 10. bxc3 Qd5 11. Be3 Na5 $146 ({Predecessor:} 11... Bg4 12. Qe1 Na5 13. Nd2 Rad8 14. Qg3 Bc8 15. c4 Qe6 16. Rae1 Nc6 {1-0 (49) Derouineau,J-Gil,A corr 1990}) 12. Qe2 Bg4 13. h3 Bxf3 14. Qxf3 Qxf3 15. Rxf3 b6 16. Re1 Rad8 17. Bf2 c5 18. c4 f6 19. Bh4 e6 20. Rfe3 Rde8 21. exf6 Bxf6 22. Bf2 Bc3 23. R1e2 Bd4 24. Rxe6 Rxe6 25. Rxe6 Rxf4 26. Bxd4 Rxd4 $11 27. Re7 Nxc4 28. Rxa7 Nb2 29. Bb5 Rd1+ 30. Kh2 Rc1 31. Rb7 Rxc2 32. Rxb6 Nc4 33. Rb8+ Kg7 34. Rb7+ Kh6 35. Bxc4 Rxc4 36. Rc7 Ra4 37. Rxc5 Rxa2 38. Rb5 1/2-1/2

[Event "World Junior U20 Girls 2018"]
[Site "Gebze"]
[Date "2018.09.08"]
[Round "5"]
[White "Ivana Maria, Furtado"]
[Black "Beydullayeva, Govhar"]
[Result "1/2-1/2"]
[ECO "D11"]
[WhiteElo "2144"]
[BlackElo "2202"]
[Annotator "NA"]
[PlyCount "91"]
[EventDate "2018.09.05"]
[EventType "swiss"]
[EventCountry "TUR"]
[SourceTitle "playchess.com"]
[Source "ChessBase"]
[SourceQuality "1"]
[TimeControl "40/5400+30:1800+30"]

1. d4 d5 2. Nf3 Nf6 3. g3 Bf5 4. c4 c6 5. Bg2 e6 6. O-O h6 7. Nc3 Be7 8. Qb3 Qb6 9. c5 Qa6 {[%emt 0:00:00] D11: Slav Defence: 3 Nf3 sidelines and 3...Nf6 4 e3 Bg4} 10. Bf4 (10. Re1 b6 11. Bf1 Qb7 12. Bf4 Nbd7 13. Nd2 O-O 14. e4 Nxe4 15. Ncxe4 Bxe4 16. Nxe4 dxe4 17. Rxe4 {½-½ (31) Nyzhnyk,I (2628)-Shimanov,A (2593) Saint Louis 2015}) 10... O-O 11. Rfc1 b6 12. Na4 $146 ({Predecessor:} 12. Bf1 Qb7 13. a4 Rc8 14. a5 b5 15. Nd2 Na6 16. f3 g5 17. Bd6 Bxd6 18. cxd6 {1-0 (28) Balog,I (2423)-Varga,C (2391) Miskolc 2008}) 12... Nbd7 13. Qd1 bxc5 14. Nxc5 Nxc5 15. dxc5 Nd7 16. b4 Bf6 17. Nd4 Bxd4 18. Qxd4 Qxe2 19. Bd6 Rfe8 20. Bf1 Qh5 21. b5 Be4 22. Re1 (22. Rc3 $11) 22... e5 23. Qd1 Bf3 24. Qa4 cxb5 25. Bxb5 Nf6 26. Qh4 Qxh4 27. gxh4 Ne4 28. Bxe8 Rxe8 29. Re3 Bg4 30. f3 Nxd6 31. cxd6 Bf5 32. Rd1 Be6 33. Rxe5 Rd8 34. Re3 Rxd6 35. Ra3 a6 36. Rd4 Kf8 37. Rda4 $16 Bc8 38. Rc3 Bd7 39. Rd4 Ke7 40. Kf2 Be6 41. a3 Kf6 42. Ke3 Bd7 43. Rc5 Ke6 44. Rb4 Bb5 45. Kd4 Rd7 46. a4 1/2-1/2

[Event "World Junior U20 Girls 2018"]
[Site "Gebze"]
[Date "2018.09.08"]
[Round "5"]
[White "Urh, Zala"]
[Black "Kocyigit, Buse Naz"]
[Result "1-0"]
[ECO "D46"]
[WhiteElo "2128"]
[BlackElo "1944"]
[Annotator "NA"]
[PlyCount "51"]
[EventDate "2018.09.05"]
[EventType "swiss"]
[EventCountry "TUR"]
[SourceTitle "playchess.com"]
[Source "ChessBase"]
[SourceQuality "1"]
[TimeControl "40/5400+30:1800+30"]

1. d4 d5 2. c4 c6 3. Nf3 Nf6 4. e3 e6 5. Nbd2 Be7 6. Bd3 Nbd7 7. O-O O-O 8. e4 dxe4 9. Nxe4 Nxe4 10. Bxe4 Nf6 11. Bc2 h6 12. Qd3 Qc7 13. Ne5 Rd8 14. Bxh6 Qb6 15. Qg3 Bf8 16. Bg5 Be7 17. Rad1 Qxb2 18. Rd2 Qb4 19. Rb1 Qa5 20. Qh4 Kf8 21. Qh8+ Ng8 22. Bh7 Bxg5 23. Qxg8+ Ke7 24. Qxf7+ Kd6 25. c5+ Kd5 26. Qf3# 1-0

[Event "World Junior U20 Girls 2018"]
[Site "Gebze"]
[Date "2018.09.08"]
[Round "5"]
[White "Santeramo, Alessia"]
[Black "Sieber, Fiona"]
[Result "0-1"]
[ECO "A45"]
[WhiteElo "2124"]
[BlackElo "2277"]
[Annotator "NA"]
[PlyCount "112"]
[EventDate "2018.09.05"]
[EventType "swiss"]
[EventCountry "TUR"]
[SourceTitle "playchess.com"]
[Source "ChessBase"]
[SourceQuality "1"]
[TimeControl "40/5400+30:1800+30"]

1. d4 Nf6 2. Bg5 Ne4 3. h4 c5 4. d5 Qb6 5. Nd2 Nxg5 {[%emt 0:01:30] A45: Trompowsky Attack} (5... h6 6. Bf4 Qxb2 7. Nxe4 Qb4+ 8. Qd2 Qxe4 9. f3 Qd4 10. c3 Qxd2+ 11. Kxd2 d6 12. e4 Nd7 13. h5 {1-0 (37) Triapishko,O (2531)-Kokarev,D (2616) Taganrog 2018}) 6. hxg5 Qxb2 7. Rb1 Qe5 8. e4 g6 9. Ngf3 Qg7 10. e5 d6 $146 ({Predecessor:} 10... h6 11. e6 fxe6 12. dxe6 d6 13. Bb5+ {0-1 (33) Escobar,C (2200)-Ottesen,S (2370) ICCF email 2006}) 11. Bb5+ Kd8 12. Nc4 Kc7 13. Qd2 b6 14. a4 h6 15. a5 hxg5 16. Rxh8 Qxh8 17. Kf1 g4 18. Ng1 Bd7 19. Qc3 Bg7 20. Qa3 Bxb5 21. Rxb5 Nd7 22. Qa4 Nxe5 23. Nxe5 Bxe5 24. Rxb6 {[%emt 0:01:30] [#]} Qe8 $1 ({Bitte nicht} 24... axb6 $6 25. Qc6+ Kb8 26. Qxb6+ Kc8 27. Qc6+ Kb8 28. Qb6+ Kc8 29. Qc6+ Kb8 30. Qb6+ $11) 25. Rc6+ Kd8 26. Qxg4 Qd7 27. Qh4 Qb7 28. g3 Qb1+ 29. Kg2 Qxc2 30. Nf3 Qd3 31. Rxd6+ Bxd6 32. Qh8+ Kc7 33. Qxa8 Qa6 34. Qe8 f6 35. Qa4 Qb7 36. Qc4 a6 37. Nd4 Qb4 38. Ne6+ Kb7 39. Qc2 Qxa5 40. Qxg6 Qd2 41. Nd8+ Kb6 42. Qg8 c4 43. Qe6 c3 44. Nf7 c2 45. Nxd6 exd6 46. Qxd6+ Kb5 47. Qc6+ Kb4 48. Qb6+ Kc4 49. Qxa6+ Kb3 50. Qb5+ Qb4 51. Qd3+ Qc3 52. Qb5+ Ka2 $19 53. Qa4+ Kb2 54. Qb5+ Qb3 55. Qe2 Qxd5+ 56. f3 Kb1 0-1

[Event "World Junior U20 Girls 2018"]
[Site "Gebze"]
[Date "2018.09.08"]
[Round "5"]
[White "Ozbay, Ece"]
[Black "Kamalidenova, Meruert"]
[Result "1-0"]
[ECO "C80"]
[WhiteElo "2114"]
[BlackElo "2011"]
[Annotator "NA"]
[PlyCount "67"]
[EventDate "2018.09.05"]
[EventType "swiss"]
[EventCountry "TUR"]
[SourceTitle "playchess.com"]
[Source "ChessBase"]
[SourceQuality "1"]
[TimeControl "40/5400+30:1800+30"]

1. e4 e5 2. Nf3 Nc6 3. Bb5 a6 4. Ba4 Nf6 5. O-O Nxe4 6. Re1 Nc5 7. Nc3 Be7 8. Bxc6 dxc6 9. Nxe5 O-O 10. d4 Ne6 11. Be3 f6 12. Nc4 Re8 13. f4 Nf8 14. d5 cxd5 15. Nxd5 Be6 16. Nxe7+ Qxe7 17. Na5 b6 18. Nc6 Qd7 19. Nd4 Bg4 20. Qd3 c5 21. Qb3+ Kh8 22. Ne2 Qc6 23. Ng3 Be6 24. Qc3 Rad8 25. Rad1 Qa8 26. Rxd8 Rxd8 27. f5 Bd5 28. Nh5 Kg8 29. Bh6 Rd7 30. Qg3 Qb7 31. Nxf6+ Kh8 32. Re8 Rf7 33. Bxg7+ Rxg7 34. Rxf8+ 1-0

[Event "World Junior U20 Girls 2018"]
[Site "Gebze"]
[Date "2018.09.08"]
[Round "5"]
[White "Li, Xinyu"]
[Black "Cramling Bellon, Anna"]
[Result "1-0"]
[ECO "D38"]
[WhiteElo "2086"]
[BlackElo "2009"]
[Annotator "NA"]
[PlyCount "93"]
[EventDate "2018.09.05"]
[EventType "swiss"]
[EventCountry "TUR"]
[SourceTitle "playchess.com"]
[Source "ChessBase"]
[SourceQuality "1"]
[TimeControl "40/5400+30:1800+30"]

1. d4 Nf6 2. c4 e6 3. Nf3 d5 4. Nc3 Bb4 5. cxd5 exd5 6. Bf4 c6 7. e3 Ne4 8. Rc1 Nd7 9. Bd3 Qe7 10. h3 O-O 11. O-O h6 12. Qc2 Re8 13. Rb1 Ndf6 14. Ne5 Ng5 15. Ne2 Bd6 16. Ng3 Nge4 17. Nxe4 dxe4 18. Bc4 Be6 19. Rfe1 Rac8 20. Bxe6 Qxe6 21. Qa4 Nh5 22. Bh2 b5 23. Qa6 Nf6 24. a3 Nd5 25. Rbc1 Nb6 26. Rc2 f6 27. Ng6 Bxh2+ 28. Kxh2 Qd6+ 29. Kg1 Nc4 30. Qxa7 Ra8 31. Qc5 Qxc5 32. dxc5 Kh7 33. Nf4 Red8 34. Ne6 Rd5 35. Nc7 Rad8 36. Nxd5 Rxd5 37. a4 Kg6 38. axb5 cxb5 39. c6 Rd8 40. b3 Na5 41. c7 Rc8 42. Rd1 Nb7 43. Rd5 b4 44. Rb5 Nd6 45. Rb8 Kf7 46. Rc6 Ke7 47. Rxd6 1-0

[Event "World Junior U20 Girls 2018"]
[Site "Gebze"]
[Date "2018.09.08"]
[Round "5"]
[White "Malatsilava, Volha"]
[Black "Diakonova, Ekaterina"]
[Result "0-1"]
[ECO "B78"]
[WhiteElo "2040"]
[BlackElo "2243"]
[Annotator "NA"]
[PlyCount "58"]
[EventDate "2018.09.05"]
[EventType "swiss"]
[EventCountry "TUR"]
[SourceTitle "playchess.com"]
[Source "ChessBase"]
[SourceQuality "1"]
[TimeControl "40/5400+30:1800+30"]

1. e4 c5 2. Nf3 g6 3. d4 cxd4 4. Nxd4 Nc6 5. Nc3 Bg7 6. Be3 Nf6 7. Bc4 O-O 8. Bb3 d6 9. f3 Bd7 10. h4 h5 11. Qd2 Ne5 12. O-O-O Rc8 13. Bg5 Rc5 14. Kb1 b5 15. g4 hxg4 16. h5 Nxh5 17. Nd5 Re8 18. Rxh5 gxh5 19. Qh2 Rc4 20. Bxc4 bxc4 21. f4 Nf3 22. Nxf3 gxf3 23. Qxh5 f2 24. Rh1 Qa5 25. Qh7+ Kf8 26. Nc3 Rb8 27. Bh6 Rxb2+ 28. Ka1 Rxa2+ 29. Kb1 Ra1+ 0-1

[Event "World Junior U20 Girls 2018"]
[Site "Gebze"]
[Date "2018.09.08"]
[Round "5"]
[White "Caballero Quijano, Mitzy Mishell"]
[Black "Nass, Sara"]
[Result "0-1"]
[ECO "B15"]
[WhiteElo "2034"]
[BlackElo "1888"]
[Annotator "NA"]
[PlyCount "106"]
[EventDate "2018.09.05"]
[EventType "swiss"]
[EventCountry "TUR"]
[SourceTitle "playchess.com"]
[Source "ChessBase"]
[SourceQuality "1"]
[TimeControl "40/5400+30:1800+30"]

1. e4 c6 2. d4 d5 3. Nd2 dxe4 4. Nxe4 Nf6 5. Nxf6+ exf6 6. Nf3 Bd6 7. Bd3 O-O 8. Be3 Re8 9. Qd2 a5 10. O-O-O Be6 11. Kb1 Na6 12. c3 Nc7 13. Qc2 h6 14. Rdg1 Nd5 15. g4 Nf4 16. Bxf4 Bxf4 17. c4 a4 18. h3 b5 19. Rd1 Qa5 20. d5 cxd5 21. cxd5 Bd7 22. Rhe1 Rec8 23. Qe2 a3 24. Qe4 f5 25. Qxf4 axb2 26. a4 bxa4 27. Qd4 a3 28. Ka2 Ba4 29. Nd2 Rc1 30. Nb3 Bxb3+ 31. Kxb3 Rb8+ 32. Ka2 b1=Q+ 33. Bxb1 Rb2+ 34. Qxb2 axb2+ 35. Kxb2 Qc3+ 36. Ka2 Qc4+ 37. Kb2 Qc3+ 38. Ka2 Qxe1 39. Rxe1 Rxe1 40. Bxf5 Re2+ 41. Kb3 Rxf2 42. Kc4 g6 43. Be4 Rf4 44. Kd3 Kf8 45. Ke3 Rf1 46. Bg2 Ra1 47. h4 Ke7 48. h5 g5 49. Be4 Kd6 50. Kd4 Rg1 51. Bf3 Rg3 52. Be2 Ra3 53. Bc4 Ra4 0-1

[Event "World Junior U20 Girls 2018"]
[Site "Gebze"]
[Date "2018.09.08"]
[Round "5"]
[White "Celik, Eylul"]
[Black "Zairbek kyzy, Begimay"]
[Result "0-1"]
[ECO "D36"]
[WhiteElo "2014"]
[BlackElo "1770"]
[Annotator "NA"]
[PlyCount "80"]
[EventDate "2018.09.05"]
[EventType "swiss"]
[EventCountry "TUR"]
[SourceTitle "playchess.com"]
[Source "ChessBase"]
[SourceQuality "1"]
[TimeControl "40/5400+30:1800+30"]

1. d4 d5 2. c4 e6 3. cxd5 exd5 4. Nc3 Nf6 5. Bg5 Nbd7 6. e3 Be7 7. Bd3 c6 8. Qc2 O-O 9. h3 Re8 10. Nf3 Nf8 11. g4 Ne4 12. Bxe7 Qxe7 13. Bxe4 dxe4 14. Nd2 f5 15. gxf5 Bxf5 16. O-O-O b5 17. Kb1 a5 18. f3 b4 19. Ncxe4 Qf7 20. Nc4 Qh5 21. Ncd2 Ng6 22. Qc4+ Be6 23. Qc5 Bd5 24. Ka1 Nh4 25. Rhg1 Qh6 26. Rdf1 Nf5 27. Rg5 Rf8 28. Rfg1 Qe6 29. b3 a4 30. Kb2 Rf7 31. Nc4 a3+ 32. Kc1 Bxe4 33. fxe4 Qxe4 34. Kd2 Nxe3 35. Nxe3 Rf2+ 36. Kc1 Qxe3+ 37. Kb1 Qe4+ 38. Ka1 Rxa2+ 39. Kxa2 Qe2+ 40. Kb1 Qb2# 0-1

[Event "World Junior U20 Girls 2018"]
[Site "Gebze"]
[Date "2018.09.08"]
[Round "5"]
[White "Isha Sharma"]
[Black "Nassr, Lina"]
[Result "1-0"]
[ECO "C00"]
[WhiteElo "2012"]
[BlackElo "1854"]
[Annotator "NA"]
[PlyCount "65"]
[EventDate "2018.09.05"]
[EventType "swiss"]
[EventCountry "TUR"]
[SourceTitle "playchess.com"]
[Source "ChessBase"]
[SourceQuality "1"]
[TimeControl "40/5400+30:1800+30"]

1. e4 e6 2. d3 d5 3. Nd2 c5 4. g3 Nf6 5. Bg2 Nc6 6. Ngf3 Be7 7. O-O O-O 8. Re1 b5 9. e5 Nd7 10. Nf1 a5 11. h4 a4 12. N1h2 b4 13. h5 Bb7 14. Ng4 Na5 15. c3 bxc3 16. bxc3 Bc6 17. Bf4 Rb8 18. Qd2 Rb6 19. Rab1 Qb8 20. Nf6+ Kh8 21. Rxb6 Qxb6 22. Ng4 Bb5 23. h6 g6 24. Bg5 Qd8 25. Bxe7 Qxe7 26. c4 Nxc4 27. dxc4 Bxc4 28. Rb1 f5 29. Ne3 Ba6 30. Qa5 Ra8 31. Bf1 Nb8 32. Bxa6 Nxa6 33. Qxa6 1-0

[Event "World Junior U20 Girls 2018"]
[Site "Gebze"]
[Date "2018.09.08"]
[Round "5"]
[White "Hu, Yu A"]
[Black "Zhu, Jiner"]
[Result "0-1"]
[ECO "C79"]
[WhiteElo "2009"]
[BlackElo "2364"]
[Annotator "NA"]
[PlyCount "67"]
[EventDate "2018.09.05"]
[EventType "swiss"]
[EventCountry "TUR"]
[SourceTitle "playchess.com"]
[Source "ChessBase"]
[SourceQuality "1"]
[TimeControl "40/5400+30:1800+30"]

1. e4 e5 2. Nf3 Nc6 3. Bb5 g6 4. c3 a6 5. Ba4 d6 6. O-O Bg7 7. d4 Bd7 8. Re1 Nf6 9. Nbd2 O-O 10. h3 Re8 11. Bc2 Qe7 12. Nf1 Qf8 13. Ng3 a5 {[%emt 0:00:30] C79: Ruy Lopez: Steinitz-type lines with 3...a6 4 Ba4 Nf6 5 0-0 d6} 14. b3 $146 ({Predecessor:} 14. Ba4 Rad8 15. Bg5 h6 16. Bd2 b6 17. Rc1 Nh7 18. Qb3 Re7 19. Qc4 Qe8 20. Bb5 exd4 21. Bxc6 Bxc6 22. cxd4 {0-1 (76) Patel,A (2478)-Caruana,F (2811) chess.com INT 2018}) 14... Rad8 15. Ba3 exd4 16. cxd4 Nb4 17. Bxb4 axb4 18. Qd2 c5 19. Rad1 Bc6 20. Bd3 Re7 21. Qc2 b6 22. e5 dxe5 23. Nxe5 Qe8 24. Re2 Bb7 25. Rde1 Nd5 26. Nf3 Rxe2 27. Rxe2 Qd7 28. Rd2 cxd4 29. Ne2 Nc3 30. Ne1 Bh6 31. f4 Nxe2+ 32. Rxe2 Bxf4 33. Qc4 $19 Be3+ 34. Kh2 0-1

[Event "World Junior U20 Girls 2018"]
[Site "Gebze"]
[Date "2018.09.08"]
[Round "5"]
[White "Stanciu, Ioana-Georgiana"]
[Black "Sankova, Stella"]
[Result "1/2-1/2"]
[ECO "B90"]
[WhiteElo "2000"]
[BlackElo "2081"]
[Annotator "NA RC"]
[PlyCount "114"]
[EventDate "2018.09.05"]
[EventType "swiss"]
[EventCountry "TUR"]
[SourceTitle "playchess.com"]
[Source "ChessBase"]
[SourceQuality "1"]
[TimeControl "40/5400+30:1800+30"]

1. e4 c5 2. Nf3 d6 3. d4 cxd4 4. Nxd4 Nf6 5. Nc3 a6 6. h3 e5 7. Nde2 h5 {[%emt 0:00:00] B90: Sicilian Najdorf: Unusual White 6th moves, 6 Be3 Ng4 and 6 Be3 e5} (7... b5 8. Ng3 Qc7 9. Bd3 g6 10. O-O Bg7 11. Bd2 O-O 12. a4 b4 13. Na2 a5 14. c3 bxc3 15. Nxc3 Be6 {½-½ (40) Svidler,P (2760)-Khismatullin,D (2632) Sochi 2018}) 8. Bg5 Be6 9. Nd5 Bxd5 10. exd5 Be7 $146 ({Predecessor:} 10... Qa5+ 11. Nc3 Ne4 12. Bd2 Nxd2 13. Qxd2 g6 14. Ne4 Qxd2+ 15. Nxd2 {0-1 (54) Bivol,A (2207)-Sardana,R (2316) Barbera del Valles 2013}) 11. c4 Nbd7 12. Nc3 Qa5 13. Qd2 Nc5 14. Rb1 Nfe4 15. Nxe4 Qxd2+ 16. Bxd2 Nxe4 17. Be3 Rc8 18. Bd3 Nc5 19. Be2 f5 20. f3 Kf7 21. b4 Nd7 22. Kd2 Kg6 23. g4 hxg4 24. hxg4 fxg4 25. Bd3+ Kf7 26. fxg4 Rxh1 27. Rxh1 e4 28. Rf1+ Kg8 29. Be2 Ne5 30. Rc1 Kf7 31. Bf4 Ng6 32. Be3 Ne5 33. Ke1 Ke8 34. Kf1 Kd7 35. c5 Bd8 36. Kg2 Be7 37. g5 Rf8 38. Rf1 Rc8 39. Bf4 Nf3 40. c6+ bxc6 41. Bxa6 Rh8 42. dxc6+ Kxc6 43. a4 d5 44. Rc1+ Kb6 45. b5 Bxg5 46. Bc7+ Ka7 47. Rc6 Nh4+ 48. Kf1 Rf8+ 49. Ke2 Nf5 50. Bb6+ Kb8 51. Bc7+ Ka7 52. Be5 d4 53. Rc7+ Kb6 54. Rb7+ $2 (54. Rd7 {was worth a try.} d3+ 55. Ke1) 54... Ka5 55. Bc7+ Kb4 56. b6 Kc3 57. Be5 Ng3+ $18 (57... Kb4 $11 {und Schwarz muss sich keine Sorgen machen.} 58. Ra7 d3+ 59. Bxd3 exd3+ 60. Kxd3 Be3) 1/2-1/2

[Event "World Junior U20 Girls 2018"]
[Site "Gebze"]
[Date "2018.09.08"]
[Round "5"]
[White "Nastase, Andreea-Cristina"]
[Black "Bai, Xue"]
[Result "0-1"]
[ECO "D41"]
[WhiteElo "1983"]
[BlackElo "2073"]
[Annotator "NA"]
[PlyCount "88"]
[EventDate "2018.09.05"]
[EventType "swiss"]
[EventCountry "TUR"]
[SourceTitle "playchess.com"]
[Source "ChessBase"]
[SourceQuality "1"]
[TimeControl "40/5400+30:1800+30"]

1. d4 d5 2. c4 e6 3. Nc3 Nf6 4. cxd5 Nxd5 5. e4 Nxc3 6. bxc3 c5 7. Nf3 cxd4 8. cxd4 Nc6 9. Bc4 Bb4+ 10. Bd2 Qa5 11. d5 Bxd2+ 12. Qxd2 Qxd2+ 13. Kxd2 Na5 14. Bb5+ Ke7 15. Rhd1 a6 16. Be2 exd5 17. exd5 Bg4 18. Ke1 Rhd8 19. h3 Bxf3 20. Bxf3 Kd6 21. Rab1 b5 22. a4 Rab8 23. axb5 axb5 24. Ra1 Nc4 25. Ra6+ Rb6 26. Rxb6+ Nxb6 27. Rb1 Kc5 28. Rc1+ Nc4 29. Ke2 Kd4 30. Rb1 Re8+ 31. Kd1 Rb8 32. Ke1 b4 33. Rd1+ Ke5 34. Rc1 Nd6 35. Ke2 Nb5 36. Kd3 Na3 37. Re1+ Kd6 38. Re2 Kc5 39. Re7 b3 40. Be4 b2 41. Ke2 Rb4 42. Bd3 Rd4 43. Rxf7 Rxd3 44. Rb7 Nb5 0-1

[Event "World Junior U20 Girls 2018"]
[Site "Gebze"]
[Date "2018.09.08"]
[Round "5"]
[White "Celik, Eda"]
[Black "Rousseau, Christilla"]
[Result "1/2-1/2"]
[ECO "B19"]
[WhiteElo "1970"]
[BlackElo "1677"]
[Annotator "NA RC"]
[PlyCount "132"]
[EventDate "2018.09.05"]
[EventType "swiss"]
[EventCountry "TUR"]
[SourceTitle "playchess.com"]
[Source "ChessBase"]
[SourceQuality "1"]
[TimeControl "40/5400+30:1800+30"]

1. e4 c6 2. d4 d5 3. Nc3 dxe4 4. Nxe4 Bf5 5. Ng3 Bg6 6. h4 h6 7. Nf3 Nd7 8. h5 Bh7 9. Bd3 Bxd3 10. Qxd3 e6 11. Bf4 Ngf6 12. O-O-O Be7 13. Kb1 {[%emt 0:01:30] B19: Classical Caro-Kann: 4...Bf5 main line} (13. Ne5 O-O 14. c4 c5 15. d5 Bd6 16. Ng6 Bxf4+ 17. Nxf4 Qc7 18. Qe3 Nb6 19. b3 exd5 20. Nf5 Ne4 21. Nxd5 Nxd5 22. Rxd5 {½-½ (33) Bernadskiy,V (2544)-Jobava,B (2683) Ureki 2015}) 13... Nd5 14. Bd2 Qb6 15. c4 N5f6 16. Bc3 O-O 17. Ne4 Nxe4 $146 ({Predecessor:} 17... Rad8 18. Nxf6+ Nxf6 19. Ne5 {½-½ (31) Paramonov,D (2311)-Slapikas,V (2378) Klaipeda 2002}) 18. Qxe4 Nf6 19. Qe2 Rfd8 20. Ne5 a5 21. f4 Bb4 22. Qf3 Bxc3 23. Qxc3 c5 24. dxc5 Rxd1+ 25. Rxd1 Qxc5 26. Qf3 Qc7 27. g4 Rd8 28. Re1 Nd7 29. b3 Nxe5 30. Rxe5 Qd7 31. Rxa5 Qd2 32. Re5 Ra8 33. a4 Rd8 34. Re2 Qd1+ 35. Kb2 Rd2+ 36. Rxd2 Qxf3 37. Rd8+ Kh7 38. Rd7 Qxg4 39. Rxf7 Qxh5 40. Rxb7 Qh2+ 41. Ka3 Qxf4 42. a5 Qd6+ 43. Ka4 Qc6+ 44. Rb5 e5 45. Kb4 e4 46. Rb6 Qc7 47. Re6 Qb7+ 48. Kc3 h5 49. Re5 Kh6 50. Kd4 Qxb3 51. Rxe4 Qb7 52. Re6+ g6 53. a6 Qd7+ 54. Ke5 Kg5 55. c5 h4 56. Rd6 Qc7 57. Kd5 h3 58. Rc6 Qxc6+ 59. Kxc6 h2 60. Kb7 h1=Q+ 61. c6 Qh7+ 62. c7 Qd7 $11 (62... Qh1+ $19 63. Kb8 Qb1+ 64. Ka8 Qf5) 63. a7 $1 Qb5+ 64. Kc8 Qa6+ 65. Kb8 Qb6+ 66. Ka8 Qxc7 1/2-1/2

[Event "World Junior U20 Girls 2018"]
[Site "Gebze"]
[Date "2018.09.08"]
[Round "5"]
[White "Vujcic, Milena"]
[Black "Yorgun, Yaren Naz"]
[Result "1/2-1/2"]
[ECO "C00"]
[WhiteElo "1955"]
[BlackElo "1751"]
[Annotator "NA"]
[PlyCount "73"]
[EventDate "2018.09.05"]
[EventType "swiss"]
[EventCountry "TUR"]
[SourceTitle "playchess.com"]
[Source "ChessBase"]
[SourceQuality "1"]
[TimeControl "40/5400+30:1800+30"]

1. e4 e6 2. Qe2 c5 3. Nf3 Nc6 4. g3 g6 5. Bg2 Bg7 6. O-O Nge7 7. d3 O-O 8. Nbd2 d6 9. Re1 a6 10. Nf1 Nd4 11. Nxd4 Bxd4 12. Bh6 Bg7 13. Bxg7 Kxg7 14. Ne3 Rb8 15. Kh1 Bd7 16. f4 f5 17. e5 dxe5 18. fxe5 b5 19. Qf2 Bc6 20. Bxc6 Nxc6 21. Ng2 Qd4 22. Qxd4 Nxd4 23. Rac1 Rfd8 24. c3 Nc6 25. Nf4 Kf7 26. h4 Ne7 27. Red1 Rb7 28. Rc2 Nd5 29. Nxd5 Rxd5 30. d4 Rbd7 31. Rcd2 Ke7 32. Kg2 Rd8 33. Kf3 c4 34. Ke3 h5 35. b3 Rc8 36. Rc1 Rd7 37. Rb2 1/2-1/2

[Event "World Junior U20 Girls 2018"]
[Site "Gebze"]
[Date "2018.09.08"]
[Round "5"]
[White "Kyrkjebo, Hanna B"]
[Black "Gur, Tuba"]
[Result "1-0"]
[ECO "B40"]
[WhiteElo "1947"]
[BlackElo "1724"]
[Annotator "NA"]
[PlyCount "55"]
[EventDate "2018.09.05"]
[EventType "swiss"]
[EventCountry "TUR"]
[SourceTitle "playchess.com"]
[Source "ChessBase"]
[SourceQuality "1"]
[TimeControl "40/5400+30:1800+30"]

1. e4 c5 2. Nf3 e6 3. b3 b6 4. Bd3 Bb7 5. O-O Nf6 6. e5 Nd5 7. Be4 Nc6 8. c4 Nde7 9. d4 cxd4 10. Nxd4 Ng6 11. Nf3 Qc7 12. Bb2 Be7 13. Re1 O-O 14. Nc3 a6 15. Rc1 Rfd8 16. Nd5 exd5 17. cxd5 Bc5 18. dxc6 dxc6 19. Qc2 a5 20. e6 Nf8 21. Ng5 Nxe6 22. Bxh7+ Kh8 23. Rxe6 Qf4 24. Re5 Bd6 25. g3 Qxc1+ 26. Bxc1 Rd7 27. Re1 Rad8 28. Bg8 1-0

[Event "World Junior U20 Girls 2018"]
[Site "Gebze"]
[Date "2018.09.08"]
[Round "5"]
[White "Kyrkjebo, Marte B"]
[Black "Bail, Ellen Larissa"]
[Result "1/2-1/2"]
[ECO "B27"]
[WhiteElo "1935"]
[BlackElo "1832"]
[Annotator "NA"]
[PlyCount "79"]
[EventDate "2018.09.05"]
[EventType "swiss"]
[EventCountry "TUR"]
[SourceTitle "playchess.com"]
[Source "ChessBase"]
[SourceQuality "1"]
[TimeControl "40/5400+30:1800+30"]

1. e4 c5 2. Nf3 g6 3. d4 cxd4 4. Qxd4 Nf6 5. Nc3 Nc6 6. Qa4 d6 7. e5 dxe5 8. Nxe5 Bg7 9. Bb5 Bd7 10. Nxc6 bxc6 11. Bxc6 Qc7 12. Bxd7+ Nxd7 13. O-O Bxc3 14. bxc3 O-O 15. Be3 Rfd8 16. Qb4 Nf6 17. Qc5 Rdc8 18. Qxc7 Rxc7 19. Bd4 Nd5 20. Rfe1 Nxc3 21. Bxc3 Rxc3 22. Rxe7 Rxc2 23. Kf1 Rd8 24. Re2 Rdd2 25. Rxd2 Rxd2 26. a3 Kg7 27. Re1 Rd3 28. Re3 Rxe3 29. fxe3 Kf6 30. Kf2 h5 31. Kf3 Ke5 32. Ke2 Ke4 33. Kd2 g5 34. h3 f5 35. Ke2 f4 36. exf4 Kxf4 37. Kf2 h4 38. Ke2 Ke4 39. Kd2 Kf4 40. Ke2 1/2-1/2